 Dungeon Crawl Stone Soup version 0.31-a0-188-g5e087ee2ca (webtiles) character file.

Game seed: 4544293128294588054

2385 qw the Skirmisher (level 9, -3/50 HPs)
             Began as a Deep Elf Hunter on June 23, 2023.
             Was a Follower of Okawaru.
             Slain by a killer bee (4 damage)
             ... on level 7 of the Dungeon.
             The game lasted 00:01:47 (4890 turns).

qw the Skirmisher (Deep Elf Hunter)                 Turns: 4890, Time: 00:01:47

Health: -3/50      AC: 12    Str: 12    XL:     9   Next: 22%
Magic:  13/14      EV: 18    Int: 15    God:    Okawaru [*.....]
Gold:   470        SH:  0    Dex: 24    Spells: 8/8 levels left

rFire   . . .        f - +0 shortbow (heavy)
rCold   . . .        (shield currently unavailable)
rNeg    . . .        q - +1 ring mail {rPois}
rPois   +            g - +0 helmet
rElec   .            k - +0 cloak
rCorr   .            i - +0 pair of gloves
SInv    .            j - +0 pair of boots
Will    .....        (no amulet)
Stlth   +++          h - +6 ring of dexterity
HPRegen 0.28/turn    (no ring)
MPRegen 0.14/turn

%: no passive effects
@: lethally poisoned (-3 -> -7), heroic
A: no striking features
a: Renounce Religion, Heroism


You were on level 7 of the Dungeon.
You worshipped Okawaru.
Okawaru was aware of your devotion.
You visited 2 branches of the dungeon, and saw 8 of its levels.

You collected 470 gold pieces.


   Skills:
 - Level 3.0(8.0) Fighting
 - Level 14.0(19.0) Ranged Weapons
 - Level 2.1(7.1) Armour
 + Level 5.4(10.4) Dodging
 - Level 1.2(6.2) Stealth
 - Level 4.0 Invocations


You had 8 spell levels left.
You didn't know any spells.
Your spell library was empty.

Inventory:

Hand Weapons
 f - a +0 heavy shortbow (weapon)
Armour
 g - a +0 helmet (worn)
 i - a +0 pair of gloves (worn)
 j - a +0 pair of boots (worn)
 k - a +0 cloak (worn)
 p - a +1 scale mail of cold resistance
 q - a +1 ring mail of poison resistance (worn)
Jewellery
 h - a +6 ring of dexterity (left hand)
 m - a ring of fire
 n - a ring of poison resistance
Scrolls
 a - 2 scrolls of identify
Potions
 b - a potion of mutation
 d - 2 potions of might
 e - a potion of resistance
 l - 3 potions of curing
 r - a potion of magic

Dungeon Overview and Level Annotations

Branches:
Dungeon (7/15)             Temple (1/1) D:5

Altars:
Ashenzari
Cheibriados
Elyvilon
Fedhas
Hepliaklqana
Makhleb
Nemelex Xobeh
Okawaru
Qazlal
Ru
Sif Muna
Trog
Uskayaw
Vehumet
Xom
Yredelemnul
Zin
The Shining One

Shops:
D:3 :


Message History

You shoot an arrow. The arrow barely misses the killer bee.
You feel sick. The killer bee barely misses you.
The killer bee stings you but does no damage.
The killer bee misses you. The killer bee closely misses you.
The killer bee misses you. The killer bee closely misses you.
The killer bee stings you. The killer bee closely misses you.
You shoot an arrow.
The arrow completely misses the killer bee.
You feel sick. The killer bee completely misses you.
The killer bee stings you but does no damage.
The killer bee closely misses you. x2
The killer bee stings you but does no damage.
The killer bee closely misses you. x2; The killer bee misses you.
You shoot an arrow. The arrow hits the killer bee!!
You kill the killer bee!
Okawaru accepts your kill.
You feel sick.
You are no longer poisoned.
The killer bee barely misses you. The killer bee stings you. x2
The killer bee closely misses you. The killer bee barely misses you.
The killer bee stings you. The bullfrog completely misses you.
The killer bee misses you. The killer bee closely misses you.
The killer bee stings you.
You shoot an arrow. The arrow hits the bullfrog.
The bullfrog is severely wounded.
The killer bee barely misses you. x2; The killer bee misses you.
The bullfrog hits you but does no damage.
The killer bee misses you. The killer bee stings you. x2
You shoot an arrow. The arrow barely misses the bullfrog.
The killer bee closely misses you. The killer bee barely misses you. x2
The bullfrog misses you. The killer bee closely misses you.
The bullfrog barely misses you. The killer bee stings you.
The killer bee barely misses you.
You shoot an arrow. The arrow hits the bullfrog.
The bullfrog is severely wounded.
The killer bee stings you. x3
You are poisoned.
The killer bee poisons you! The bullfrog closely misses you.
The killer bee stings you. x2
You die...

.#.#.# ##.######...
.#.#.#######.......#
##.#.......#.....#.#
<#.#.......#.###...#
...........#.#...#.#
..###......#.#.#.#..#
...........#.#...# .##
...........#.#...#...#
.............#.y@..#.#
...###..)......yyF##.#
##..................
7###..............##..
.77#....########...
... ..7##...#####
#.#.< .> ...7#.......#
..... . ...7##......#
...#.. 77..7#......#


You could see a bullfrog and 3 killer bees.

Vanquished Creatures
  Sigmund (D:4)
  Edmund (D:4)
  A steam dragon (D:7)
  A sky beast (D:6)
  2 black bears (D:5)
  2 ice beasts
  An ogre (D:3)
  A centaur (D:7)
  A phantom (D:4)
  Blork the orc (D:5)
  5 scorpions
  5 killer bees (D:7)
  4 howler monkeys
  A gnoll bouda (D:7)
  3 hounds
  An orc priest (D:4)
  5 iguanas
  12 gnolls
  An adder (D:4)
  3 white imps (D:7)
  An ufetubus (D:5)
  4 worms
  8 dart slugs
  18 orcs
  7 endoplasms
  3 giant cockroaches
  5 goblins
  4 hobgoblins
  3 jackals (D:5)
  7 kobolds
  2 quokkas
  5 ball pythons
  6 bats
  5 rats
130 creatures vanquished.

Notes
Turn   | Place    | Note
-------+----------+-------------------------------------------
     0 | D:1      | qw the Deep Elf Hunter began the quest for the Orb.
     0 | D:1      | Reached XP level 1. HP: 12/12 MP: 3/3
     0 | D:1      | 0 ||| qw: Version: 0.3-a-9-g12657ce
     0 | D:1      | 0 ||| qw: Game counter: 4062
     0 | D:1      | 0 ||| qw: Always use a shield: true
     0 | D:1      | 0 ||| qw: God list: Okawaru
     0 | D:1      | 0 ||| qw: Allow faded altars: false
     0 | D:1      | 0 ||| qw: Do Orc after D:15 true
     0 | D:1      | 0 ||| qw: Do second Lair branch before Depths: true
     0 | D:1      | 0 ||| qw: Lair rune preference: random
     0 | D:1      | 0 ||| qw: Plans: Normal
     0 | D:1      | 0 ||| PLANNING D:1-11
    58 | D:1      | 58 ||| FLEEEEING.
    59 | D:1      | 59 ||| FLEEEEING.
    60 | D:1      | 60 ||| FLEEEEING.
    61 | D:1      | 61 ||| FLEEEEING.
    63 | D:1      | Reached XP level 2. HP: 15/16 MP: 4/4
   105 | D:1      | Reached skill level 6 in Ranged Weapons
   653 | D:1      | Reached XP level 3. HP: 20/20 MP: 5/5
   798 | D:1      | 798 ||| UPGRADING to +0 helmet.
   803 | D:1      | 803 ||| UPGRADING to +2 leather armour of positive energy.
   813 | D:1      | 813 ||| DROPPING +0 leather armour.
   814 | D:1      | 814 ||| UPGRADING to +0 pair of boots.
   819 | D:1      | 819 ||| DROPPING +6 ring of intelligence.
   820 | D:1      | 820 ||| READING scroll labelled KAGALU BUI.
   821 | D:1      | 821 ||| READING 5 scrolls labelled CEHEUNKEEDE.
   822 | D:1      | 822 ||| DRINKING 2 glowing yellow potions.
   823 | D:1      | 823 ||| DROPPING scroll of butterflies.
   883 | D:2      | You fall into a shaft and drop 1 floor!
   892 | D:3      | 892 ||| STAIRDANCE
   973 | D:2      | Reached skill level 7 in Ranged Weapons
  1409 | D:2      | 1409 ||| UPGRADING to +6 ring of dexterity.
  1410 | D:2      | 1410 ||| READING scroll labelled DOETHO DUNI.
  1411 | D:2      | 1411 ||| READING scroll labelled QEBEM SAONEOBB.
  1412 | D:2      | 1412 ||| READING 4 scrolls of identify.
  1412 | D:2      | 1412 ||| IDENTIFYING fizzy dark potion
  1588 | D:3      | Reached XP level 4. HP: 25/25 MP: 6/6
  1609 | D:3      | Reached skill level 3 in Dodging
  1713 | D:3      | Found Ucex's Book Boutique.
  1842 | D:3      | Noticed an ogre
  1845 | D:3      | Killed an ogre
  1846 | D:3      | Reached skill level 8 in Ranged Weapons
  1846 | D:3      | Reached XP level 5. HP: 29/29 MP: 7/7
  1937 | D:3      | 1937 ||| UPGRADING to +0 cloak.
  1942 | D:3      | 1942 ||| READING scroll labelled YDDYLEOVEL.
  1989 | D:3      | 1989 ||| READING 3 scrolls of identify.
  1989 | D:3      | 1989 ||| IDENTIFYING fuming coppery potion
  1990 | D:3      | 1990 ||| READING 2 scrolls of identify.
  1990 | D:3      | 1990 ||| IDENTIFYING emerald potion
  2120 | D:4      | Reached skill level 9 in Ranged Weapons
  2312 | D:4      | Noticed a phantom
  2318 | D:4      | Killed a phantom
  2319 | D:4      | Reached XP level 6. HP: 36/36 MP: 8/8
  2522 | D:4      | 2522 ||| Stepping ~*~*~tactically~*~*~ (outnumbered).
  2666 | D:4      | Noticed Edmund
  2677 | D:4      | HP: 3/36 [Edmund/+2 dire flail of protection (11)]
  2678 | D:4      | 2678 ||| DRINKING 2 potions of heal wounds.
  2683 | D:4      | Killed Edmund
  2684 | D:4      | Reached skill level 10 in Ranged Weapons
  2684 | D:4      | Reached XP level 7. HP: 20/40 MP: 9/9
  2767 | D:4      | Noticed Sigmund
  2774 | D:4      | Killed Sigmund
  2775 | D:4      | Reached skill level 11 in Ranged Weapons
  2985 | D:4      | 2985 ||| DROPPING +0 scale mail.
  2986 | D:4      | 2986 ||| UPGRADING to +0 ring mail.
  2996 | D:4      | 2996 ||| DROPPING +2 leather armour of positive energy.
  2997 | D:4      | 2997 ||| UPGRADING to +1 scale mail of cold resistance.
  3007 | D:4      | 3007 ||| DROPPING +0 ring mail.
  3008 | D:4      | 3008 ||| UPGRADING to +1 ring mail of poison resistance.
  3061 | D:5      | Entered Level 5 of the Dungeon
  3078 | D:5      | Reached skill level 1 in Armour
  3133 | D:5      | Found a staircase to the Ecumenical Temple.
  3134 | D:5      | 3134 ||| PLANNING TEMPLE
  3142 | Temple   | Entered the Ecumenical Temple
  3143 | Temple   | 3143 ||| PLANNING OKAWARU WORSHIP
  3149 | Temple   | Became a worshipper of Warmaster Okawaru
  3150 | Temple   | 3150 ||| PLANNING D:1-11
  3240 | D:5      | Reached XP level 8. HP: 45/45 MP: 10/10
  3242 | D:5      | Reached skill level 12 in Ranged Weapons
  3242 | D:5      | Noticed Blork the orc
  3251 | D:5      | Killed Blork the orc
  3253 | D:5      | 3253 ||| FLEEEEING.
  3254 | D:5      | 3254 ||| FLEEEEING.
  3287 | D:5      | Reached skill level 3 in Fighting
  3709 | D:5      | Found a radiant altar of Vehumet.
  3754 | D:5      | 3754 ||| UPGRADING to +0 pair of gloves.
  3759 | D:5      | 3759 ||| READING 5 scrolls of identify.
  3759 | D:5      | 3759 ||| IDENTIFYING bubbling orange potion
  3760 | D:5      | 3760 ||| READING 4 scrolls of identify.
  3760 | D:5      | 3760 ||| IDENTIFYING glowing dark potion
  3761 | D:5      | 3761 ||| DROPPING potion of brilliance.
  3925 | D:6      | Reached * piety under Okawaru
  3926 | D:6      | Reached skill level 13 in Ranged Weapons
  3984 | D:6      | Reached skill level 1 in Invocations
  4472 | D:6      | 4472 ||| READING scroll labelled WUANA IRCHILA.
  4473 | D:6      | 4473 ||| READING scroll labelled SIPIGROCHYI.
  4474 | D:6      | 4474 ||| READING 3 scrolls of identify.
  4474 | D:6      | 4474 ||| IDENTIFYING cyan potion
  4605 | D:7      | Found a basalt altar of Yredelemnul.
  4665 | D:7      | Found a white marble altar of Elyvilon.
  4691 | D:7      | Reached skill level 3 in Invocations
  4749 | D:7      | 4749 ||| INVOKING Heroism.
  4752 | D:7      | 4752 ||| Stepping ~*~*~tactically~*~*~ (outnumbered).
  4755 | D:7      | 4755 ||| Stepping ~*~*~tactically~*~*~ (outnumbered).
  4758 | D:7      | Reached XP level 9. HP: 41/50 MP: 11/13
  4760 | D:7      | 4760 ||| INVOKING Heroism.
  4828 | D:7      | 4828 ||| INVOKING Heroism.
  4880 | D:7      | Reached skill level 14 in Ranged Weapons
  4880 | D:7      | 4880 ||| INVOKING Heroism.
  4883 | D:7      | HP: 12/50 [poisoned by a killer bee]
  4884 | D:7      | 4884 ||| DRINKING potion of heal wounds.
  4890 | D:7      | HP: 12/50 [killer bee (2)]
  4890 | D:7      | HP: 1/50 [killer bee (6)]
  4890 | D:7      | Slain by a killer bee

Levels and vault maps discovered:
D:1:      dpeg_arrival_tiny_i, layout_basic
D:2:      layout_loops_cross
D:3:      layout_rooms, serial_shops, shop
D:4:      layout_basic, roderic_roman_lattice, sigmund_edmund_badplayer
D:5:      layout_gridville, kennysheep_mini, temple_fountains, grunt_decor_cap,
          uniq_blork_the_orc
D:6:      layout_loops_ring
D:7:      layout_basic, kennysheep_ying_yang, nicolae_dithmenos_shadow_blocks
Temple:   nicolae_temple_no_exploring_needed

Skill      XL: |  1  2  3  4  5  6  7  8  9 |
---------------+----------------------------+-----
Ranged Weapons | 6 7 8 9 10 11 13 14 | 14.0
Dodging        | 3 4 5 |  5.4
Fighting       | 2 3 |  3.0
Armour         | 1 2 |  2.1
Invocations    | 3 4 |  4.0
Stealth        | |  1.2

Action                     |  1- 3 |  4- 6 |  7- 9 || total
---------------------------+-------+-------+-------++-------
   Fire: Shortbow          |    97 |    83 |   156 ||   336
 Invoke: Heroism           |       |       |     4 ||     4
    Use: Scroll            |     5 |     3 |     5 ||    13
         Potion            |     1 |     1 |     1 ||     3
 Armour: Leather armour    |     4 |     8 |       ||    12
         Ring mail         |       |       |    44 ||    44
  Dodge: Dodged            |     7 |    39 |   131 ||   177

Table legend:
 A = Non-vault XP
 B = Vault XP
 C = Vault XP percentage of total XP
 D = Non-vault monster count
 E = Vault monster count
 F = Vault count percentage of total count
                 A         B        C        D         E       F
            +---------+---------+-------+---------+---------+-------
      Total |    2908 |     500 |  14.7 |     127 |       3 |   2.3
            +---------+---------+-------+---------+---------+-------
        D:1 |      50 |       0 |   0.0 |      23 |       0 |   0.0
        D:2 |      30 |       0 |   0.0 |      12 |       0 |   0.0
        D:3 |     189 |       0 |   0.0 |      20 |       0 |   0.0
        D:4 |     353 |     410 |  53.7 |      17 |       2 |  10.5
        D:5 |     688 |      90 |  11.6 |      22 |       1 |   4.3
        D:6 |     683 |       0 |   0.0 |      13 |       0 |   0.0
        D:7 |     915 |       0 |   0.0 |      20 |       0 |   0.0
            +---------+---------+-------+---------+---------+-------
